 Dungeon Crawl Stone Soup version 0.29-a0-643-ga013cefcf8 (webtiles) character file.

Game seed: 7897213371404313433

275 Sabo the Slasher (level 6, -18/46 HPs)
             Began as a Djinni Gladiator on June 19, 2022.
             Demolished by a polar bear (22 damage)
             ... created by the rage of Trog
             ... on level 4 of the Dungeon.
             The game lasted 00:17:21 (4298 turns).

Sabo the Slasher (Djinni Gladiator)                 Turns: 4298, Time: 00:17:24

Health: -18/46     AC:  8    Str: 16    XL:     6   Next: 50%
Gold:   220        EV: 13    Int: 11    God:
                   SH:  0    Dex: 15

rFire   + + .      SeeInvis .   a - +0 long sword
rCold   x . .      Faith    .   (no shield)
rNeg    . . .      Spirit   .   r - +0 robe of the Slightly Bent {Str+3}
rPois   ∞          Reflect  .   c - +0 helmet
rElec   .          Harm     .   (no cloak)
rCorr   .          Rampage  .   t - +0 pair of gloves
Will    .....                   (boots unavailable)
Stlth   ++........              v - amulet of the acrobat
HPRegen 0.15/turn               f - +4 ring of protection
MPRegen 0.00/turn               (no ring)

@: flying
A: sickness immunity, fire resistance 2, cold vulnerability 1, float, innate
caster, HP casting, extra vitality 1
a: no special abilities


You were on level 4 of the Dungeon.
You visited 1 branch of the dungeon, and saw 4 of its levels.

You collected 220 gold pieces.

Inventory:

Hand Weapons
 a - a +0 long sword (weapon)
 w - a +2 vampiric falchion
Missiles
 d - 3 throwing nets (quivered)
 e - a javelin
 s - 3 boomerangs
Armour
 c - a +0 helmet (worn)
 h - a +0 ring mail
 r - the +0 robe of the Slightly Bent (worn) {Str+3}
   (You found it on level 3 of the Dungeon)

   Str:       It affects your strength (+3).
 t - a +0 pair of gloves (worn)
Jewellery
 f - a +4 ring of protection (left hand)
 v - an amulet of the acrobat (around neck)
Scrolls
 g - a scroll of fear
 j - a scroll of enchant weapon {unknown}
 n - a scroll of teleportation {unknown}
 p - a scroll of fog {unknown}
 u - a scroll of torment {unknown}
Potions
 b - a potion of attraction {unknown}
 i - a potion of flight {unknown}
 k - a potion of invisibility {unknown}
 l - a potion of haste
 m - a potion of might {unknown}
 o - a potion of cancellation {unknown}
 q - a potion of resistance {unknown}


   Skills:
 + Level 3.0 Fighting
 + Level 4.6 Long Blades
 + Level 1.6 Throwing
 + Level 2.2 Armour
 + Level 4.2 Dodging
 + Level 0.8 Stealth


You had 2 spell levels left.
You knew the following spells:

 Your Spells              Type           Power      Damage    Failure   Level
a - Slow                  Hex            0%         N/A       34%         1
b - Scorch                Fire           0%         2d5       47%         2
Your spell library was empty.

Dungeon Overview and Level Annotations

Branches:
Dungeon (4/15)
 Temple: D:4-7

Altars:
Makhleb
Sif Muna
Trog


Innate Abilities, Weirdness & Mutations

You are immune to sickness and miasma.
You are immune to poison.
Your flesh is very heat resistant. (rF++)
You are vulnerable to cold. (rC-)
You float through the air rather than walking.
You learn spells naturally, not from books.
Your magical power is your life essence.
You have superior vitality. (+4 MHP)


Message History

You start resting.
Trog sends monsters to punish you.
A black bear and 2 polar bears come into view.
The polar bear moves out of view.
Items here: )) [[.
w - a +2 vampiric falchion The polar bear attacks as you move away!
The polar bear bites you!!
Ouch! That really hurt!
The polar bear barely misses you. The polar bear claws you.
There is a stone staircase leading down here.
You can't go up here!
The polar bear misses you. The polar bear completely misses you.
The polar bear closely misses you.
You fly downwards.
There is a stone staircase leading up here.
You barely miss the polar bear. The polar bear misses you.
The polar bear claws you but does no damage.
The polar bear claws you.
* * * LOW HITPOINT WARNING * * *
The polar bear barely misses you. The polar bear completely misses you.
The polar bear barely misses you.
You hit the polar bear.
The polar bear is lightly wounded.
The polar bear bites you but does no damage.
The polar bear misses you. The polar bear claws you.
* * * LOW HITPOINT WARNING * * *
You hit the polar bear but do no damage.
The polar bear is lightly wounded.
The polar bear misses you.
The polar bear claws you but does no damage. x2
The polar bear bites you but does no damage.
The polar bear claws you but does no damage. x2
You slash the polar bear!
The polar bear is lightly wounded.
The polar bear bites you!
* * * LOW HITPOINT WARNING * * *
The polar bear claws you but does no damage. x2
The polar bear bites you!!
You die...

###.. .#
....##.#####
..........#
#.........#
#...).....#
#.........#
##......._.#
#..h<......#
#>)@....<..#
#...[.########
#.....#
#.....#
.......#
###.....#
#.....#
#.....#


You could see a polar bear (berserk).

Vanquished Creatures
  Sigmund (D:2)
  Natasha (D:2)
  An orc wizard (D:4)
  2 worms (D:2)
  A dart slug (D:2)
  6 orcs
  8 endoplasms
  4 giant cockroaches
  3 goblins
  4 hobgoblins
  4 quokkas
  2 ball pythons (D:3)
  7 bats
  A frilled lizard (D:3)
  6 kobolds
  6 rats
57 creatures vanquished.

Notes
Turn   | Place    | Note
-------+----------+-------------------------------------------
     0 | D:1      | Sabo the Djinni Gladiator began the quest for the Orb.
     0 | D:1      | Reached XP level 1. HP: 18/18 MP: 0/0
   168 | D:1      | Reached XP level 2. HP: 23/23 MP: 0/0
   545 | D:1      | Reached XP level 3. HP: 22/28 MP: 0/0
   545 | D:1      | Learned a level 1 spell: Slow
  1384 | D:2      | Found a faded altar of an unknown god.
  1399 | D:2      | Prayed at the altar of an unknown god.
  1399 | D:2      | Became a worshipper of Trog the Wrathful
  1399 | D:2      | Reached * piety under Trog
  1472 | D:2      | Noticed Sigmund
  1490 | D:2      | Killed Sigmund
  1491 | D:2      | Reached skill level 1 in Armour
  1491 | D:2      | Reached XP level 4. HP: 18/34 MP: 0/0
  1491 | D:2      | Reached XP level 5. HP: 21/40 MP: 0/0
  1491 | D:2      | Learned a level 2 spell: Scorch
  1692 | D:2      | Reached XP level 6. HP: 45/45 MP: 0/0
  2228 | D:2      | Noticed Natasha
  2242 | D:2      | Killed Natasha
  2435 | D:3      | Identified the +0 robe of the Slightly Bent {Str+3}
  2491 | D:3      | Was placed under penance by Trog
  3243 | D:3      | Fell from the grace of Trog
  4012 | D:4      | Found a burning altar of Makhleb.
  4290 | D:3      | Noticed a black bear
  4290 | D:3      | Noticed a polar bear
  4290 | D:3      | Noticed a polar bear
  4298 | D:4      | Demolished by a polar bear

Illustrated notes

Levels and vault maps discovered:
D:1:      minmay_arrival_five_plusses, layout_loops_cross
D:2:      layout_rooms, dreamdust_ecumenical_altar_sealed_demon, basic_altar,
          uniq_natasha, uniq_sigmund
D:3:      layout_basic
D:4:      layout_rooms, lemuel_mausoleum_altar_yredelemnul, bloody_makhleb,
          kennysheep_small_spiral, uniq_menkaure

Skill      XL: |  1  2  3  4  5  6 |
---------------+-------------------+-----
Long Blades    | 3 4 |  4.6
Armour         | 1 2 |  2.2
Dodging        | 4 |  4.2
Fighting       | 3 |  3.0
Throwing       | |  1.6
Stealth        | |  0.8

Action                   |  1- 3 |  4- 6 || total
-------------------------+-------+-------++-------
Melee: Long sword        |    95 |    92 ||   187
 Cast: Slow              |       |     1 ||     1
       Scorch            |       |     1 ||     1
Invok: Berserk           |     1 |     2 ||     3
       Renounce Religion |       |     1 ||     1
  Use: Scroll            |       |     1 ||     1
       Potion            |       |     1 ||     1
 Stab: Sleeping          |       |     5 ||     5
Armor: Ring mail         |    39 |    20 ||    59
       Leather armour    |     4 |       ||     4
       Robe              |       |    25 ||    25
Dodge: Dodged            |    59 |    63 ||   122

Table legend: (Time is in decaauts)
 A = Elapsed time spent in this place.
 B = Non-inter-level travel time spent in this place.
 C = Inter-level travel time spent in this place.
 D = Time resting spent in this place.
 E = Time spent auto-exploring this place.
 F = Levels seen in this place.
 G = Mean time per level.
                   A        B        C        D        E       F      G
               +--------+--------+--------+--------+--------+-----+--------+
         Total |   4348 |   4348 |      0 |   1555 |      0 |   4 | 1087.0 |
       Dungeon |   4348 |   4348 |      0 |   1555 |      0 |   4 | 1087.0 |
               +--------+--------+--------+--------+--------+-----+--------+

Top non-repeatable levels by time:
     D:3: 1865 daAuts
     D:2: 1285 daAuts
     D:1: 1178 daAuts
     D:4: 19 daAuts
